 Dungeon Crawl Stone Soup version 0.26-a0-812-g31a745ddcd (webtiles) character file.

Game seed: 13641971351397491498

83456 HoaS the Brawler (level 15, -20/134 HPs)
             Began as a Ghoul Gladiator on Dec 3, 2020.
             Was the Champion of Makhleb.
             Demolished by an orc knight
             ... wielding a +0 great mace
              (35 damage)
             ... on level 1 of the Orcish Mines on Dec 5, 2020.
             The game lasted 00:58:15 (19209 turns).

HoaS the Brawler (Ghoul Gladiator)                 Turns: 19209, Time: 00:58:16

Health: -20/134    AC: 26    Str: 24    XL:     15   Next: 77%
Magic:  14/14      EV: 14    Int:  9    God:    Makhleb [******]
Gold:   1954       SH:  0    Dex: 17    Spells: 14/14 levels left

rFire    . . .     SeeInvis .     - Unarmed
rCold    + + +     Faith    .   (no shield)
rNeg     + + +     Spirit   .   M - +2 plate armour {rC+}
rPois    ∞         Reflect  .   z - +1 helmet of the Catamount {Dex+6}
rElec    .         Harm     .   A - +2 cloak {MR+}
rCorr    +         Rampage  +   (no gloves)
MR       ++++.                  C - +2 pair of boots {rampage}
Stlth    ..........             y - amulet of regeneration
HPRegen  0.00/turn              B - ring "Puhol" {rPois rC+ rCorr Int+3}
MPRegen  0.14/turn              D - ring of the Mage {Wiz MR++ Int+3}

@: hasted, very quick
A: rotting body, claws 1, cold resistance 1, negative energy resistance 3,
inhibited regeneration, torment resistance, unbreathing
a: Minor Destruction, Lesser Servant of Makhleb, Major Destruction, Greater
Servant of Makhleb, Renounce Religion


You were on level 1 of the Orcish Mines.
You worshipped Makhleb.
Makhleb was exalted by your worship.
You visited 3 branches of the dungeon, and saw 20 of its levels.
You also visited: Sewer, Gauntlet and Volcano.

You collected 2283 gold pieces.
You spent 329 gold pieces at shops.

Inventory:

Missiles
 c - 5 throwing nets (quivered)
 f - 15 javelins
 l - 34 boomerangs
 o - 56 poisoned darts
 I - 2 atropa-tipped darts
Armour
 z - the +1 helmet of the Catamount (worn) {Dex+6}
   (You found it in a Gauntlet)

   It affects your dexterity (+6).
 A - a +2 cloak of magic resistance (worn)
 C - a +2 pair of boots of rampaging (worn)
 M - a +2 plate armour of cold resistance (worn)
Jewellery
 j - an uncursed ring of see invisible
 m - an uncursed ring of protection from magic
 t - an uncursed ring of flight
 u - an uncursed ring of stealth
 y - an amulet of regeneration (around neck)
 B - the ring "Puhol" (left claw) {rPois rC+ rCorr Int+3}
   (You took it off a minotaur in a Gauntlet)

   [ring of resist corrosion]

   It affects your intelligence (+3).
   It protects you from cold.
   It protects you from poison.
   It provides partial protection from all sources of acid and corrosion.
 D - the ring of the Mage (right claw) {Wiz MR++ Int+3}
   (You found it in a Gauntlet)

   [ring of wizardry]

   It improves your spell success rate.
   It affects your intelligence (+3).
   It affects your resistance to hostile enchantments.
Wands
 a - a wand of paralysis (18)
 r - a wand of flame (65)
 E - a wand of digging (3)
Scrolls
 d - 8 scrolls of remove curse
 k - 12 scrolls of teleportation
 n - 5 scrolls of fog
 w - a scroll of identify
 F - 3 scrolls of magic mapping
 H - 2 scrolls of blinking
Potions
 g - 2 potions of berserk rage {unknown}
 h - 3 potions of might
 i - 8 potions of curing
 p - a potion of ambrosia
 q - 3 potions of flight
 s - a potion of experience {unknown}
 x - 6 potions of resistance
 K - a potion of invisibility
Miscellaneous
 v - a box of beasts


   Skills:
 + Level 12.6 Fighting
 - Level 1.7 Throwing
 + Level 10.6 Armour
 + Level 11.0 Dodging
 * Level 19.6 Unarmed Combat


You had 14 spell levels left.
You didn't know any spells.
Your spell library contained the following spells:

 Spells                   Type           Power        Failure   Level
 Animate Skeleton         Necr           #.....       83%         1
 Corona                   Hex            #......      83%         1
 Pain                     Necr           #...         83%         1
 Slow                     Hex            #.......     92%         2
 Conjure Flame            Conj/Fire      #.......     99%         3
 Frozen Ramparts          Ice            #.....       99%         3
 Inner Flame              Hex/Fire       #.......     99%         3
 Portal Projectile        Hex/Tloc       #.....       99%         3
 Vampiric Draining        Necr           #.........   99%         3
 Animate Dead             Necr           #.........   100%        4
 Cause Fear               Hex            #.........   100%        4
 Leda's Liquefaction      Hex/Erth       #.........   100%        4
 Summon Ice Beast         Ice/Summ       #.......     100%        4
 Agony                    Necr           #.......     100%        5
 Borgnjor's Vile Clutch   Necr/Erth      #.........   100%        5
 Fireball                 Conj/Fire      #.........   100%        5
 Simulacrum               Ice/Necr       #.........   100%        6
 Shatter                  Erth           #.........   100%        9
 Beastly Appendage        Tmut           Unusable     N/A         1
 Wereblood                Tmut           Unusable     N/A         2
 Spider Form              Tmut/Pois      Unusable     N/A         3
 Ice Form                 Ice/Tmut       Unusable     N/A         4
 Blade Hands              Tmut           Unusable     N/A         5
 Statue Form              Tmut/Erth      Unusable     N/A         6

Dungeon Overview and Level Annotations

Branches:
Dungeon (12/15)            Temple (0/1) D:4            Lair (6/6) D:9
  Swamp (0/4) Lair:2       Shoals (0/4) Lair:2        Slime (0/5) Lair:6
    Orc (2/2) D:10            Elf (0/3) Orc:2         Sewer (visited)
Volcano (visited)         Gauntlet (visited)

Altars:
Ashenzari
Cheibriados
Dithmenos
Gozag
Makhleb
Okawaru
Ru
Sif Muna
Trog
Vehumet
Wu Jian
Xom
Yredelemnul
Zin

Shops:
D:5 (   D:6 }*!   D:10 !   D:11 *   Orc:2 !:*}


Innate Abilities, Weirdness & Mutations

Your body is rotting away.
You thrive by killing the living.
You are immune to poison.
You have sharp fingernails.
Your flesh is cold resistant. (rC+)
You are immune to negative energy. (rN+++)
You do not regenerate when monsters are visible.
You are immune to unholy pain and torment.
You can survive without breathing.


Message History

* * * LOW HITPOINT WARNING * * *
The orc knight barely misses you.
You feel much better.
The orc warrior hits you from afar with a +0 halberd!!
* * * LOW HITPOINT WARNING * * *
You feel much better.
The orc knight hits you with a +0 war axe!
* * * LOW HITPOINT WARNING * * *
The orc knight hits you but does no damage.
The orc warrior barely misses you.
The orc priest invokes the aid of Beogh against you.
Beogh smites you!
* * * LOW HITPOINT WARNING * * *
You feel much better. The orc knight closely misses you.
The orc warrior barely misses you. The orc knight closely misses you.
You feel yourself speed up. The orc knight closely misses you.
The orc warrior hits you from afar with a +0 halberd.
* * * LOW HITPOINT WARNING * * *
The orc knight hits you with a +0 great mace!!
You die... # ### . . #$o ### ####.. ### #oo

###.## ##..#.. ##.###oo
#....###...... #...##oo
#.............
##.####o####.##..........
#...##.o@..##.#.).†))....
##.####.............[.#.#
###.##.##....#....>.))...#
##................[).......
#....#....................#
##.........................
###.#..#..................
###...#.................
#.....................


You could see 2 orc knights, 3 orc warriors, 2 orc priests and 2 orcs.

Vanquished Creatures
  Saint Roka (Orc:2)
  An orc warlord (D:8)
  A red draconian (Volcano)
  A minotaur (Gauntlet)
  A fire dragon (Lair:6)
  Fannar (D:10)
  Harold (Orc:1)
  8 hydras
  3 boulder beetles
  A queen ant (Gauntlet)
  2 catoblepae (Lair:4)
  5 two-headed ogres
  4 orc high priests
  A sixfirhy (D:11)
  A salamander mystic (Volcano)
  A bog body (Lair:2)
  An obsidian statue (Gauntlet)
  A lindwurm (Lair:6)
  10 orc knights
  7 orc sorcerers
  6 salamanders (Volcano)
  A manticore (D:10)
  An ugly thing (D:12)
  A cyclops (D:12)
  8 black mambas
  8 elephants
  An oklob plant (Lair:4)
  2 torpor snails
  2 molten gargoyles (Lair:6)
  7 cane toads
  2 rime drakes (Lair:3)
  10 komodo dragons
  2 polar bears (Lair:1)
  7 trolls
  3 slime creatures (Lair:6)
  A dream sheep (Lair:1)
  15 blink frogs
  A shadow (D:10)
  A vampire (D:10)
  68 yaks
  A wraith (D:10)
  9 wyverns
  7 basilisks
  A human (D:10)
  2 steam dragons
  20 wargs
  4 soldier ants (Gauntlet)
  11 water moccasins
  3 swamp worms (Lair:2)
  5 hell hounds (Lair:6)
  34 orc warriors
  3 sky beasts
  4 ice beasts
  3 black bears
  9 ogres
  A phantom (D:3)
  11 wolves
  13 centaurs
  A big kobold (Sewer)
  16 bullfrogs
  A water moccasin zombie (D:6)
  A water moccasin skeleton (D:10)
  6 scorpions
  2 howler monkeys
  13 wights
  2 electric eels (Lair:2)
  5 lava snakes (Lair:6)
  6 jellies
  A quasit (D:11)
  2 bullfrog zombies
  A bullfrog skeleton (D:12)
  5 hounds
  31 orc priests
  22 orc wizards
  2 centaur skeletons
  5 iguanas
  7 worker ants
  A killer bee zombie (D:10)
  A hound zombie (D:8)
  A howler monkey skeleton (D:6)
  14 adders
  7 river rats (D:6)
  2 shadow imps
  3 ufetubi
  4 oozes
  An adder zombie (D:6)
  An adder skeleton (D:4)
  2 worms
  5 dart slugs (D:1)
  4 leopard geckos
  118 orcs
  A ball python (D:4)
  8 giant cockroaches
  3 goblins
  4 hobgoblins
  11 jackals
  10 kobolds
  7 quokkas
  3 bats
  6 frilled lizards
  A jackal zombie (D:6)
  2 leopard gecko skeletons
  A leopard gecko zombie (D:7)
  A quokka zombie (D:9)
  24 rats
715 creatures vanquished.

Vanquished Creatures (others)
  A scorpion (D:6)
  An orc wizard (D:10)
  A jackal (D:6)
  11 fungi
  27 plants
41 creatures vanquished.

Grand Total: 756 creatures vanquished

Notes
Turn   | Place    | Note
-------+----------+-------------------------------------------
     0 | D:1      | HoaS the Ghoul Gladiator began the quest for the Orb.
     0 | D:1      | Reached XP level 1. HP: 17/17 MP: 0/0
    97 | D:1      | Reached skill level 4 in Unarmed Combat
    97 | D:1      | Reached XP level 2. HP: 24/24 MP: 1/1
   298 | D:1      | Reached XP level 3. HP: 29/29 MP: 2/2
   560 | D:2      | Found a bloodstained altar of Trog.
   564 | D:2      | Reached skill level 5 in Unarmed Combat
   649 | D:2      | Found a shimmering blue altar of Sif Muna.
   788 | D:2      | Found a basalt altar of Yredelemnul.
   830 | D:2      | Reached XP level 4. HP: 31/36 MP: 3/3
   848 | D:2      | Found an iron altar of Okawaru.
  1878 | D:4      | Reached skill level 6 in Unarmed Combat
  1878 | D:4      | Reached XP level 5. HP: 41/41 MP: 4/4
  1908 | D:4      | Reached skill level 7 in Unarmed Combat
  1936 | D:4      | Reached XP level 6. HP: 41/48 MP: 5/5
  2041 | D:4      | Found an opulent altar of Gozag.
  2087 | D:4      | Found a shimmering altar of Xom.
  2105 | D:4      | Found an ornate altar of the Wu Jian Council.
  2137 | D:4      | Found a staircase to the Ecumenical Temple.
  2146 | D:4      | Noticed a phantom
  2361 | D:3      | Reached skill level 8 in Unarmed Combat
  2361 | D:3      | Reached XP level 7. HP: 40/55 MP: 6/6
  2415 | D:4      | Found a shadowy altar of Dithmenos.
  2512 | D:5      | Entered Level 5 of the Dungeon
  2525 | D:5      | Reached skill level 9 in Unarmed Combat
  2879 | D:5      | Found Gith's Weapon Emporium.
  3139 | D:5      | Reached skill level 10 in Unarmed Combat
  3162 | D:6      | Reached XP level 8. HP: 41/61 MP: 7/7
  3179 | D:6      | Found Ehalue's Assorted Antiques.
  3219 | D:6      | Found Itirhu's Gadget Shoppe.
  3271 | D:6      | Found a glowing drain.
  3281 | Sewer    | Entered a sewer
  3387 | Sewer    | Found a white marble altar of Elyvilon.
  3634 | D:6      | Reached skill level 11 in Unarmed Combat
  3914 | D:6      | Found a shimmering altar of Xom.
  3993 | D:6      | Reached skill level 12 in Unarmed Combat
  4001 | D:6      | Found Vuotysk's Distillery.
  4215 | D:7      | Reached XP level 9. HP: 67/68 MP: 8/8
  4234 | D:7      | Reached skill level 1 in Armour
  4415 | D:7      | Found a radiant altar of Vehumet.
  4704 | D:7      | Found a sacrificial altar of Ru.
  4828 | D:7      | Found a burning altar of Makhleb.
  4932 | D:7      | Became a worshipper of Makhleb the Destroyer
  5209 | D:8      | You fall into a shaft and drop 1 floor!
  5275 | D:8      | Reached skill level 13 in Unarmed Combat
  5282 | D:8      | Noticed a two-headed ogre
  5292 | D:8      | Killed a two-headed ogre
  5292 | D:8      | Reached skill level 5 in Fighting
  5292 | D:8      | Reached XP level 10. HP: 81/81 MP: 9/9
  5341 | D:8      | Found a transporter.
  5343 | D:8      | Found a transporter.
  5343 | D:8      | Noticed a boulder beetle
  5358 | D:8      | Found a snail-covered altar of Cheibriados.
  5692 | D:8      | Reached * piety under Makhleb
  5701 | D:8      | Reached skill level 5 in Dodging
  6021 | D:9      | Reached skill level 14 in Unarmed Combat
  6028 | D:9      | Found a broken altar of Ashenzari.
  6131 | D:9      | Noticed an elephant
  6139 | D:9      | Reached ** piety under Makhleb
  6156 | D:9      | Killed an elephant
  6156 | D:9      | Reached XP level 11. HP: 84/91 MP: 10/10
  6180 | D:9      | Found a staircase to the Lair.
  6209 | D:9      | Reached skill level 5 in Armour
  6495 | D:9      | Noticed an orc knight
  6978 | D:9      | Killed an orc knight
  7094 | D:9      | Noticed an orc knight
  7097 | D:9      | Noticed an orc warlord
  7146 | D:10     | Entered Level 10 of the Dungeon
  7151 | D:10     | Reached *** piety under Makhleb
  7428 | D:10     | Reached skill level 15 in Unarmed Combat
  7448 | D:10     | Noticed a manticore
  7456 | D:10     | Killed a manticore
  7470 | D:10     | Found a staircase to the Orcish Mines.
  7493 | D:10     | Noticed Fannar
  7497 | D:10     | Noticed a two-headed ogre
  7511 | D:10     | Found Ibun's Distillery.
  7531 | D:10     | Killed a two-headed ogre
  7556 | D:10     | Reached **** piety under Makhleb
  7564 | D:10     | Bought a potion of might for 56 gold pieces
  7754 | D:10     | Noticed a two-headed ogre
  7772 | D:10     | Killed a two-headed ogre
  7772 | D:10     | Reached XP level 12. HP: 76/101 MP: 11/11
  8206 | D:10     | Killed Fannar
  8315 | Lair:1   | Entered Level 1 of the Lair of Beasts
  8704 | Lair:1   | Reached skill level 16 in Unarmed Combat
  8937 | Lair:1   | Noticed a six-headed hydra
  8948 | Lair:1   | Killed a six-headed hydra
  8999 | Lair:1   | Reached ***** piety under Makhleb
  9071 | Lair:1   | Reached XP level 13. HP: 103/111 MP: 12/12
  9401 | Lair:2   | Found a gate leading to a gauntlet.
  9416 | Gauntlet | Entered a Gauntlet
  9416 | Gauntlet | Found a transporter.
  9423 | Gauntlet | Found a transporter.
  9425 | Gauntlet | Found a transporter.
  9434 | Gauntlet | Found a transporter.
  9436 | Gauntlet | Found a transporter.
  9444 | Gauntlet | Found a transporter.
  9460 | Gauntlet | Found a transporter.
  9472 | Gauntlet | Found the ring of Shadows {Umbra +Inv Stlth+}
  9472 | Gauntlet | Found a transporter.
  9482 | Gauntlet | Found a transporter.
  9487 | Gauntlet | Found a transporter.
  9487 | Gauntlet | Found a transporter.
  9515 | Gauntlet | Found a transporter.
  9515 | Gauntlet | Found a transporter.
  9570 | Gauntlet | Found a transporter.
  9715 | Gauntlet | Got a brightly glowing helmet
  9716 | Gauntlet | Identified the +1 helmet of the Catamount {Dex+6} (You
                  | found it in a Gauntlet)
  9763 | Gauntlet | Noticed an entropy weaver
  9763 | Gauntlet | a seven-headed hydra changed into an entropy weaver
  9765 | Gauntlet | Noticed an ice dragon
  9765 | Gauntlet | an entropy weaver changed into an ice dragon
  9896 | Gauntlet | Identified the ring "Puhol" {rPois rC+ rCorr Int+3}
  9896 | Gauntlet | Noticed a minotaur
  9897 | Gauntlet | Found the ring of the Mage {Wiz MR++ Int+3}
  9914 | Gauntlet | Killed a minotaur
  9914 | Gauntlet | Reached skill level 10 in Fighting
  9914 | Gauntlet | Reached skill level 17 in Unarmed Combat
  9927 | Gauntlet | Identified Sif Muna's Reference Book on Freezing Darkness
  9930 | Gauntlet | Identified Piot's Reference Book on the Torrid Mountains
 10139 | Lair:2   | Found a staircase to the Swamp.
 10322 | Lair:2   | Found a staircase to the Shoals.
 11643 | D:9      | Reached XP level 14. HP: 106/122 MP: 13/13
 12035 | Lair:4   | Reached skill level 18 in Unarmed Combat
 12311 | Lair:4   | Found a glowing silver altar of Zin.
 13040 | Lair:5   | Reached ****** piety under Makhleb
 13482 | Lair:6   | Entered Level 6 of the Lair of Beasts
 13504 | Lair:6   | Found a staircase to the Slime Pits.
 13789 | Lair:6   | Reached skill level 10 in Dodging
 14299 | Lair:6   | Found a large runed translucent door.
 14300 | Lair:6   | Found a large runed translucent door.
 14954 | D:8      | Killed an orc warlord
 15344 | D:11     | Found a runed translucent door.
 15749 | D:11     | Found Silit's Superlative Supplies.
 16072 | D:12     | Reached XP level 15. HP: 132/132 MP: 14/14
 16611 | D:12     | Reached skill level 10 in Armour
 16870 | Orc:1    | Entered Level 1 of the Orcish Mines
 16873 | Orc:1    | Noticed Harold
 16921 | D:10     | Reached skill level 19 in Unarmed Combat
 16945 | Orc:1    | Killed Harold
 17271 | D:12     | Got a spiked leather armour
 17272 | D:12     | Identified the +3 leather armour "Kogydwig" {Regen+ Int+6}
                  | (You found it on level 12 of the Dungeon)
 17496 | Lair:5   | Got a jet-encrusted leather armour
 17497 | Lair:5   | Identified the +3 leather armour of Cocytus {Rampage} (You
                  | found it on level 5 of the Lair of Beasts)
 17681 | Orc:2    | Entered Level 2 of the Orcish Mines
 17757 | Orc:2    | Noticed Saint Roka
 17908 | Orc:2    | Killed Saint Roka
 17945 | Orc:2    | Found a dark tunnel.
 17954 | Volcano  | Entered a volcano
 18019 | Volcano  | Found a burning altar of Makhleb.
 18601 | Orc:2    | Found a staircase to the Elven Halls.
 18779 | Orc:2    | Found Ofaru's Gadget Emporium.
 18866 | Orc:2    | HP: 1/134 [orc warrior/+0 halberd (27)]
 18961 | Orc:2    | Found Viev's General Store.
 18967 | Orc:2    | Found Xiqep's Book Boutique.
 18969 | Orc:2    | Found Qicrenn's Distillery.
 18977 | Orc:2    | Bought a potion of might for 56 gold pieces
 18977 | Orc:2    | Bought a potion of might for 56 gold pieces
 19005 | Orc:2    | Bought a scroll of identify for 28 gold pieces
 19005 | Orc:2    | Bought 2 potions of curing for 84 gold pieces
 19005 | Orc:2    | Bought a scroll of magic mapping for 49 gold pieces
 19207 | Orc:1    | HP: 2/134 [orc priest/divine providence (15)]
 19209 | Orc:1    | Demolished by an orc knight

Illustrated notes

Levels and vault maps discovered:
D:1:      saegor_arrival_miasma, layout_basic
D:2:      layout_basic, lemuel_crystal_altar, lemuel_blue_sif_altar,
          overflow_temple_1_default, bloody_trog, chequers_serial_rivers_small_3
D:3:      layout_basic, serial_corexii_hall, chequers_hall_statues_wall_a,
          chequers_hall_statues_wall_a, serial_bayou_lagoon_a,
          minmay_misc_feat_four_crosses, hangedman_decor_riveting
D:4:      layout_rooms, lemuel_round_altar, grunt_dithmenos_shadows,
          kennysheep_mini_moat, old_standard_altar, minmay_temple_entry_arrows
D:5:      layout_rooms, serial_shops, shop, kennysheep_boxes
D:6:      lemuel_ratsnest, layout_loops_ring, portal_sewer_entry_d,
          serial_shops, shop, shop, nicolae_shop_competitors_out_of_business,
          minmay_misc_feat_five, xom_confusion_cloud
D:7:      layout_gridville, old_standard_altar, kennysheep_little_box,
          chequers_serial_rivers_micro_a, nicolae_ru_great_annihilating_truth
D:8:      gammafunk_boulding_lane, layout_basic, cheibriados_altar_1
D:9:      lemuel_castle_with_subvaults [lemuel_castle_interior_carwin_3],
          layout_irregular_city, ashenzari_conservatory_becter,
          david_lair_generic
D:10:     layout_basic, erik_orc_4, serial_shops, nicolae_shop_trees,
          uniq_fannar
D:11:     cheibrodos_shockbox, layout_loops_cross, nicolae_alphabet_shops,
          nicolae_benzene_ring
D:12:     layout_gridville, patterned_corridor
Lair:1:   layout_regular_city, beast_lair_carwin_8
Lair:2:   layout_hall_layers, nicolae_swamp_entry_splash_gauntlet,
          elwin_shoals_entry_rocks, gauntlet_entry_generic,
          hangedman_lair_generics_rect, lemuel_fruit_fields
Lair:3:   layout_cave_shapes, serial_bayou_shore_a
Lair:4:   layout_roguey, basic_altar, grunt_megastairs_5
Lair:5:   layout_regular_city, serial_bayou_shore_b, grunt_megastairs_4,
          lemuel_fruit_tree, infiniplex_staircase_pool
Lair:6:   cheibrodos_lair_end_hotspot, layout_regular_city,
          minmay_slime_entry_pillars
Orc:1:    layout_caves, special_room [special_room_orc], uniq_harold
Orc:2:    st_orc_elflike, layout_caves, lightli_volcano_entry_magma_tube,
          uniq_saint_roka

Skill      XL: |  1  2  3  4  5  6  7  8  9 10 11 12 13 14 15 |
---------------+----------------------------------------------+-----
Unarmed Combat | 4 5 6 7 8 10 12 13 14 15 16 17 18 19 | 19.6
Armour         | 3 4 6 7 8 9 10 | 10.6
Dodging        | 4 5 7 8 9 10 11 | 11.0
Fighting       | 5 6 8 9 10 11 12 | 12.6
Throwing       | |  1.7

Action                   |  1- 3 |  4- 6 |  7- 9 | 10-12 | 13-15 || total
-------------------------+-------+-------+-------+-------+-------++-------
Melee: Unarmed           |   115 |   156 |   436 |   712 |  1159 ||  2578
       Punch             |     1 |     7 |     8 |    36 |   154 ||   206
Throw: Throwing net      |       |       |     2 |       |       ||     2
Evoke: Wand              |       |       |       |    13 |     2 ||    15
  Use: Scroll            |     5 |     3 |     4 |     4 |    16 ||    32
       Potion            |       |       |       |     1 |    10 ||    11
 Stab: Paralysed         |       |       |     2 |       |       ||     2
       Held in net/web   |       |       |     1 |       |       ||     1
Armor: Scale mail        |    50 |    50 |    16 |       |       ||   116
       Plate armour      |       |       |   209 |   370 |   569 ||  1148
       Chain mail        |       |       |     3 |       |       ||     3
Dodge: Dodged            |    50 |    59 |   127 |   295 |   570 ||  1101

Table legend: (Time is in decaauts)
 A = Elapsed time spent in this place.
 B = Non-inter-level travel time spent in this place.
 C = Inter-level travel time spent in this place.
 D = Time resting spent in this place.
 E = Time spent auto-exploring this place.
 F = Levels seen in this place.
 G = Mean time per level.
                   A        B        C        D        E       F      G
               +--------+--------+--------+--------+--------+-----+--------+
         Total |  18607 |  16888 |   1719 |   1684 |  10529 |  23 |  809.0 |
       Dungeon |  10544 |   9618 |    926 |    984 |   6037 |  12 |  878.7 |
          Lair |   5623 |   4892 |    731 |    306 |   3428 |   6 |  937.2 |
  Orcish Mines |   1295 |   1235 |     60 |    138 |    688 |   2 |  647.5 |
         Sewer |    167 |    167 |      0 |      0 |    117 |   1 |  167.0 |
       Volcano |    404 |    404 |      0 |    188 |     15 |   1 |  404.0 |
      Gauntlet |    571 |    571 |      0 |     68 |    243 |   1 |  571.0 |
               +--------+--------+--------+--------+--------+-----+--------+

Top non-repeatable levels by time:
     D:9: 1626 daAuts
  Lair:1: 1253 daAuts
    D:10: 1229 daAuts
     D:8: 1192 daAuts
  Lair:6: 1042 daAuts
  Lair:4: 959 daAuts
     D:7: 919 daAuts
     D:3: 915 daAuts
     D:6: 861 daAuts
    D:12: 844 daAuts
  Lair:2: 839 daAuts
  Lair:5: 830 daAuts
   Orc:2: 773 daAuts
    D:11: 724 daAuts
  Lair:3: 699 daAuts
